 Dungeon Sprint DCSS version 0.26.1-2-gb8aa6d0cf2 (webtiles) character file.

Game seed: 10285719935016979426

39942 Groucho the Tortoise (level 14, -33/108 HPs)
             Began as a Halfling Fighter on Mar 15, 2021.
             Was an Elder of Uskayaw.
             Killed from afar by a spriggan air mage (38 damage)
             ... with a bolt of lightning
             ... in the Dungeon (Sprint IX: "|||||||||||||||||||||||||||||").
             The game lasted 00:17:13 (7290 turns).

Groucho the Tortoise (Halfling Fighter)             Turns: 7290, Time: 00:17:14

Health: -33/108    AC: 30    Str: 23    XL:     14   Next: 42%
Magic:  25/25      EV: 24    Int:  6    God:    Uskayaw [****..]
Gold:   1716       SH: 21    Dex: 17    Spells: 13/13 levels left

rFire    . . .     SeeInvis .   o - +2 rapier (speed)
rCold    . . .     Faith    .   p - +5 kite shield {reflect}
rNeg     . . .     Spirit   .   G - +2 plate armour {rPois}
rPois    +         Reflect  +   E - +1 helmet
rElec    .         Harm     .   x - +0 cloak "Earthly Heaven" {Str+2 Dex+2}
rCorr    .         Rampage  .   a - +0 pair of gloves
Will     +....     NoTele   +   F - +2 pair of boots {Stlth+}
Stlth    ..........             (no amulet)
HPRegen  0.28/turn              b - +2 ring of evasion
MPRegen  0.19/turn              r - +2 ring of evasion

@: mighty, very slightly contaminated, hasted, invisible, very quick
A: small, mutation resistance 1
a: Renounce Religion, Stomp, Line Pass


You were in the Dungeon.
You worshipped Uskayaw.
Uskayaw was pleased with you.
You visited 1 branch You collected 1934 gold pieces.
You spent 218 gold pieces at shops.

Inventory:

Hand Weapons
 o - a +2 rapier of speed (weapon)
 C - a +3 quick blade
Missiles
 c - 6 silver boomerangs
 v - 5 curare-tipped darts (quivered)
Armour
 a - a +0 pair of gloves (worn)
 p - a +5 kite shield of reflection (worn)
 x - the +0 cloak "Earthly Heaven" (worn) {Str+2 Dex+2}
   (You bought it in a shop in the Dungeon)

   It affects your strength (+2).
   It affects your dexterity (+2).
 E - a +1 helmet (worn)
 F - a +2 pair of boots of stealth (worn)
 G - a +2 plate armour of poison resistance (worn)
Jewellery
 b - a +2 ring of evasion (left hand)
 r - a +2 ring of evasion (right hand)
 y - an uncursed ring of protection from fire
 z - an uncursed ring of protection from cold
 A - an uncursed ring of protection from cold
 B - an uncursed ring of protection from fire
Wands
 n - a wand of iceblast (2)
Scrolls
 j - a scroll of blinking
 l - 4 scrolls of remove curse
 m - 2 scrolls of amnesia
 t - 3 scrolls of identify
 H - 2 scrolls of enchant weapon
 I - a scroll of fog
Potions
 d - 3 potions of might
 e - 3 potions of curing
 g - a potion of haste
 h - 3 potions of magic
 i - a potion of berserk rage
 q - a potion of flight {unknown}
 s - 2 potions of brilliance


   Skills:
 + Level 14.6 Fighting
 - Level 14.0 Short Blades
 + Level 18.4 Armour
 + Level 17.5 Dodging
 + Level 17.0 Shields
 + Level 15.9 Invocations


You had 13 spell levels left.
You didn't know any spells.
Your spell library was empty.

Dungeon Overview and Level Annotations

Branches:
Dungeon (1/1)

Altars:
Cheibriados
Dithmenos
Elyvilon
Fedhas
Gozag
Hepliaklqana
Kikubaaqudgha
Makhleb
Nemelex Xobeh
Okawaru
Qazlal
Ru
Sif Muna
Trog
Uskayaw
Vehumet
Wu Jian
Xom
Yredelemnul
Zin
The Shining One
Beogh
Jiyva
Lugonu

Shops:
D }}[[


Innate Abilities, Weirdness & Mutations

You are small and have problems with some larger weapons.
You are somewhat resistant to further mutation.


Message History

You feel better.
The tengu warrior is no longer paralysed.
You feel better.
You hit the tengu warrior.
The tengu warrior is almost dead.
You block the tengu warrior's attack. x2; The tengu warrior closely misses you.
You strike the helpless tengu warrior from behind!
You impale the tengu warrior!!
You kill the necromancer!
You kill the tengu warrior!
Your Shields skill increases to level 17!
Items here: )) [[.
You see here a large rock.
The spriggan air mage waves its arms in wide circles.
* * * LOW HITPOINT WARNING * * *
You can no longer merge with and destroy a victim.
Unknown command.
Unknown command.
The spriggan air mage gestures at you while chanting.
The bolt of lightning hits you!!!
You die...

.▓.▓.▓.▓.▓.▓.▓.▓)▓(▓
.▓.▓.▓.▓.▓.▓.▓.▓(▓.▓
.▓.▓.▓.▓.▓.▓.▓.▓i▓.▓
.▓.▓.▓.▓.▓.▓.▓.▓.▓.▓
.▓.▓.▓.▓.▓.▓.▓.▓.▓(▓
.▓.▓.▓.▓.▓.▓.▓.▓.▓.▓
.▓'▓.▓.▓.▓.▓.▓.▓.▓C▓
.▓.▓.▓.▓.▓.▓.▓.▓.▓.▓
.▓.▓.▓.▓.▓'▓.▓.▓@▓.▓
.▓.▓.▓.▓.▓.▓.▓.▓.▓.▓
.▓.▓.▓.▓.▓.▓.▓.▓.▓.▓
.▓÷▓.▓.▓.▓.▓.▓.▓.▓.▓
.▓.▓.▓'▓.▓.▓.▓.▓.▓C▓
.▓.▓.▓)▓.▓.▓.▓.▓.▓Z▓
.▓(▓.▓)▓.▓)▓)▓(▓.▓.▓
.▓.▓.▓)▓.▓)▓.▓)▓.▓.▓
.▓.▓.▓)▓.▓.▓.▓.▓.▓'▓


You could see a spriggan air mage (repels missiles).

Vanquished Creatures
  Kirke (D)
  Donald (D)
  2 frost giants (D)
  An emperor scorpion (D)
  A stone giant (D)
  Snorg (D)
  An eleionoma (D)
  A merfolk javelineer (D)
  Josephine (D)
  A yaktaur captain (D)
  A naga warrior (D)
  A great orb of eyes (D)
  An ice dragon (D)
  A ghost crab (D)
  4 hydras (D)
  A centaur warrior (D)
  A tengu warrior (D)
  A deep troll shaman (D)
  An alligator (D)
  A deep troll earth mage (D)
  A naga sharpshooter (D)
  3 orc high priests (D)
  Sonja (D)
  A spriggan druid (D)
  A swamp dragon (D)
  A harpy (D)
  A necromancer (D)
  4 orc knights (D)
  An orb spider (D)
  A manticore (D)
  An ugly thing (D)
  2 orc sorcerers (D)
  2 wolf spiders (D)
  A will-o-the-wisp (D)
  A cyclops (D)
  A merfolk siren (D)
  A salamander (D)
  4 black mambas (D)
  A water nymph (D)
  2 naga magi (D)
  Psyche (D)
  3 cane toads (D)
  A rime drake (D)
  A demonic crawler (D)
  A kobold demonologist (D)
  A tengu conjurer (D)
  2 yaktaurs (D)
  2 merfolk (D)
  A jumping spider (D)
  A hornet (D)
  A wind drake (D)
  A troll (D)
  A tyrant leech (D)
  A slime creature (D)
  A redback (D)
  A tarantella (D)
  A wyvern (D)
  2 yaks (D)
  3 wraiths (D)
  A vampire (D)
  2 basilisks (D)
  A vampire mosquito (D)
  4 hogs (D)
  A soldier ant (D)
  A naga (D)
  2 acid dragons (D)
  4 water moccasins (D)
  10 orc warriors (D)
  A sky beast (D)
  2 centaurs (D)
  8 bullfrogs (D)
  A scorpion (D)
  2 orc priests (D)
  A hound (D)
  3 orc wizards (D)
  A hell rat (D)
  3 adders (D)
  An adder skeleton (D)
  14 orcs (D)
  A bat skeleton (D)
  A bat zombie (D)
  A jackal (D)
  2 kobolds (D)
  A ball python zombie (D)
  A goblin (D)
  A leopard gecko skeleton (D)
  A quokka zombie (D)
  A rat (D)
154 creatures vanquished.

Vanquished Creatures (others)
  A wizard (D)
  A bloated husk (D)
  A human (D)
  An orc (D)
  2 foxfires (D)
6 creatures vanquished.

Grand Total: 160 creatures vanquished

Notes
Turn   | Place    | Note
-------+----------+-------------------------------------------
     0 | D        | Groucho the Halfling Fighter began the quest for the Orb.
     0 | D        | Reached XP level 1. HP: 15/15 MP: 1/1
    30 | D        | Noticed a hound
    30 | D        | Noticed a sky beast
    37 | D        | Killed a hound
    38 | D        | Reached skill level 4 in Armour
    38 | D        | Reached XP level 2. HP: 15/22 MP: 2/2
    38 | D        | Reached XP level 3. HP: 18/27 MP: 3/3
    59 | D        | Killed a sky beast
    60 | D        | Reached skill level 5 in Fighting
    60 | D        | Reached skill level 6 in Armour
    60 | D        | Reached XP level 4. HP: 27/35 MP: 4/4
    60 | D        | Reached XP level 5. HP: 30/39 MP: 5/5
    73 | D        | Found a roughly hewn altar of Beogh.
    73 | D        | Found a snail-covered altar of Cheibriados.
    73 | D        | Found a shadowy altar of Dithmenos.
    73 | D        | Found a white marble altar of Elyvilon.
    73 | D        | Found a blossoming altar of Fedhas.
    73 | D        | Found an opulent altar of Gozag.
    74 | D        | Found a hazy altar of Hepliaklqana.
    75 | D        | Found a viscous altar of Jiyva.
    76 | D        | Found an ancient bone altar of Kikubaaqudgha.
    77 | D        | Found a corrupted altar of Lugonu.
    78 | D        | Found a burning altar of Makhleb.
    79 | D        | Found a sparkling altar of Nemelex Xobeh.
    80 | D        | Found an iron altar of Okawaru.
    81 | D        | Found a stormy altar of Qazlal.
    82 | D        | Found a sacrificial altar of Ru.
    83 | D        | Found a shimmering blue altar of Sif Muna.
    84 | D        | Found a bloodstained altar of Trog.
    85 | D        | Found a hide-covered altar of Uskayaw.
    86 | D        | Found a radiant altar of Vehumet.
    87 | D        | Found an ornate altar of the Wu Jian Council.
    88 | D        | Found a shimmering altar of Xom.
    89 | D        | Found a basalt altar of Yredelemnul.
    90 | D        | Found a glowing silver altar of Zin.
    91 | D        | Found a glowing golden altar of the Shining One.
    93 | D        | Became a worshipper of Uskayaw the Reveller
   152 | D        | Noticed a water moccasin
   152 | D        | Noticed a centaur
   157 | D        | Reached * piety under Uskayaw
   158 | D        | Reached ** piety under Uskayaw
   161 | D        | Reached *** piety under Uskayaw
   162 | D        | Killed a water moccasin
   163 | D        | Reached skill level 7 in Armour
   163 | D        | Reached XP level 6. HP: 41/46 MP: 6/6
   167 | D        | Reached **** piety under Uskayaw
   176 | D        | Reached ***** piety under Uskayaw
   177 | D        | Reached skill level 8 in Armour
   177 | D        | Reached XP level 7. HP: 47/53 MP: 7/7
   183 | D        | Noticed a soldier ant
   183 | D        | Noticed an acid dragon
   183 | D        | Noticed a kobold demonologist
   183 | D        | Noticed a troll
   215 | D        | Killed a soldier ant
   216 | D        | Reached skill level 5 in Dodging
   218 | D        | Killed an acid dragon
   222 | D        | Killed a kobold demonologist
   223 | D        | Reached skill level 9 in Armour
   223 | D        | Reached XP level 8. HP: 49/61 MP: 1/8
   225 | D        | Reached ****** piety under Uskayaw
   229 | D        | Killed a troll
   230 | D        | Reached skill level 10 in Short Blades
   710 | D        | Noticed a yak
   710 | D        | Noticed a basilisk
   710 | D        | Noticed a cane toad
   713 | D        | Noticed a rime drake
   721 | D        | Noticed a six-headed hydra
   723 | D        | Killed a yak
   730 | D        | Reached skill level 10 in Armour
   730 | D        | Reached skill level 10 in Shields
   732 | D        | Noticed a wyvern
  1176 | D        | Killed a basilisk
  1177 | D        | Reached XP level 9. HP: 67/67 MP: 4/9
  1185 | D        | Killed a cane toad
  1188 | D        | Killed a rime drake
  1716 | D        | Killed a six-headed hydra
  1717 | D        | Reached skill level 11 in Armour
  2150 | D        | Noticed a cane toad
  2150 | D        | Noticed a five-headed hydra
  2150 | D        | Noticed a black mamba
  2154 | D        | Killed a cane toad
  2155 | D        | Reached XP level 10. HP: 74/74 MP: 7/12
  2165 | D        | Killed a black mamba
  2176 | D        | Killed a five-headed hydra
  2177 | D        | Reached skill level 10 in Fighting
  2177 | D        | Reached skill level 12 in Armour
  2177 | D        | Reached skill level 10 in Dodging
  2177 | D        | Reached skill level 5 in Invocations
  2618 | D        | Noticed a cane toad
  2631 | D        | Killed a cane toad
  2743 | D        | Noticed Psyche
  2753 | D        | Killed Psyche
  2825 | D        | Reached XP level 11. HP: 71/82 MP: 16/16
  2895 | D        | Noticed an orc knight
  2895 | D        | Noticed an orc high priest
  2912 | D        | Killed an orc knight
  2950 | D        | Killed an orc high priest
  2951 | D        | Reached skill level 13 in Armour
  2953 | D        | Noticed an orc high priest
  3012 | D        | Killed an orc high priest
  3453 | D        | Found Palontih's Gadget Emporium.
  3453 | D        | Noticed an orc knight
  3471 | D        | Noticed an orc knight
  3483 | D        | Killed an orc knight
  3486 | D        | Found Eciucy's Gadget Shoppe.
  3491 | D        | Found Epazunou's Antique Armour Emporium.
  3491 | D        | Noticed an orc sorcerer
  3503 | D        | Killed an orc knight
  3505 | D        | Found Cyaweym's Armour Shoppe.
  3505 | D        | Noticed an orc knight
  3515 | D        | Noticed an orc high priest
  3519 | D        | Noticed a sixfirhy
  3522 | D        | Killed an orc sorcerer
  3522 | D        | Noticed an orc sorcerer
  3533 | D        | Killed an orc sorcerer
  3546 | D        | Killed an orc high priest
  3547 | D        | Reached skill level 14 in Armour
  3585 | D        | Killed an orc knight
  3586 | D        | Reached skill level 10 in Invocations
  3594 | D        | Bought the +0 cloak "Earthly Heaven" {Str+2 Dex+2} for 218
                  | gold pieces
  3759 | D        | Noticed Sonja
  3771 | D        | Killed Sonja
  3772 | D        | Reached XP level 12. HP: 61/90 MP: 19/19
  4313 | D        | Noticed an ice dragon
  4330 | D        | Noticed a deep troll earth mage
  4331 | D        | Noticed a frost giant
  4350 | D        | Killed an ice dragon
  4352 | D        | Noticed a great orb of eyes
  4363 | D        | Noticed a deep troll shaman
  4382 | D        | Killed a deep troll earth mage
  4383 | D        | Reached skill level 15 in Armour
  4394 | D        | Killed a deep troll shaman
  4405 | D        | Killed a great orb of eyes
  4424 | D        | Killed a frost giant
  5071 | D        | Noticed Donald
  5119 | D        | Killed Donald
  5484 | D        | Noticed Josephine
  5504 | D        | Killed Josephine
  5505 | D        | Reached skill level 16 in Armour
  5508 | D        | Reached XP level 13. HP: 98/98 MP: 22/22
  5528 | D        | Reached skill level 15 in Dodging
  5575 | D        | Noticed a merfolk javelineer
  5596 | D        | Killed a merfolk javelineer
  5836 | D        | Noticed a naga warrior
  5865 | D        | Killed a naga warrior
  5866 | D        | Reached skill level 15 in Shields
  6105 | D        | Noticed a six-headed hydra
  6105 | D        | Noticed a ghost crab
  6105 | D        | Noticed a six-headed hydra
  6110 | D        | Noticed an eleionoma
  6114 | D        | Killed a six-headed hydra
  6116 | D        | Killed a ghost crab
  6117 | D        | Reached skill level 17 in Armour
  6119 | D        | Killed a six-headed hydra
  6156 | D        | Killed an eleionoma
  6773 | D        | Noticed Kirke
  6779 | D        | Noticed Snorg
  6792 | D        | Killed Kirke
  6817 | D        | Killed Snorg
  6928 | D        | Reached XP level 14. HP: 107/107 MP: 25/25
  6931 | D        | Reached skill level 15 in Invocations
  6945 | D        | Noticed an emperor scorpion
  6996 | D        | Killed an emperor scorpion
  7169 | D        | Noticed a stone giant
  7170 | D        | Noticed a frost giant
  7185 | D        | Reached skill level 18 in Armour
  7270 | D        | Killed a frost giant
  7273 | D        | HP: 5/108 [stone giant (30)]
  7276 | D        | Killed a stone giant
  7286 | D        | HP: 5/108 [spriggan air mage/the air (18)]
  7290 | D        | Killed from afar by a spriggan air mage

Illustrated notes

Levels and vault maps discovered:
D:        linesprint [early_d, line_temple, items_1, d_10, items_2, lair_1,
          lair_end, items_3, orc_1, orc_end, items_4, d_15, swamp_1, shoals_1,
          snake_1, spider_1, d_20, vaults_1, items_5, swamp_end, shoals_end,
          snake_end, spider_end, vaults_end, d_27, items_6, zot_1, zot_end,
          crypt_end, forest_end, elf_end, slime_end, tomb_end, abyss_end,
          pan_hell_end]

Skill      XL: |  1  2  3  4  5  6  7  8  9 10 11 12 13 14 |
---------------+-------------------------------------------+-----
Fighting       | 3 5 6 7 8 9 10 11 12 13 14 | 14.6
Short Blades   | 4 6 7 8 9 10 11 13 14 | 14.0
Armour         | 4 6 7 8 9 10 11 12 14 16 17 18 | 18.4
Shields        | 4 6 7 8 9 10 11 12 13 14 16 17 | 17.0
Dodging        | 3 4 6 7 9 11 13 14 16 17 | 17.5
Invocations    | 3 6 10 12 14 15 | 15.9

Action                   |  1- 3 |  4- 6 |  7- 9 | 10-12 | 13-15 || total
-------------------------+-------+-------+-------+-------+-------++-------
Melee: Rapier            |    49 |    30 |    93 |   489 |   328 ||   989
Throw: Dart              |       |       |       |     1 |       ||     1
Invok: Line Pass         |       |       |     7 |    12 |     6 ||    25
Evoke: Wand              |       |       |     4 |     4 |       ||     8
  Use: Potion            |       |       |     3 |     5 |     8 ||    16
       Scroll            |       |       |     1 |     5 |     1 ||     7
 Stab: Paralysed         |       |     1 |     3 |    23 |    14 ||    41
       Confused          |       |       |       |    13 |     8 ||    21
       Invisible         |       |       |       |       |     3 ||     3
Armor: Scale mail        |    25 |     3 |       |       |       ||    28
       Chain mail        |       |     5 |    29 |    18 |       ||    52
       Plate armour      |       |       |       |    24 |    34 ||    58
Dodge: Dodged            |    13 |     7 |    40 |    85 |    74 ||   219
Block: Kite shield       |    17 |     7 |    39 |   143 |   146 ||   352
       Reflection        |       |       |       |       |     4 ||     4
